 Dungeon Crawl Stone Soup version 0.24-a0-715-g0b739ee41d (webtiles) character file.

Game seed: 8501235113143647812, levelgen mode: deterministic

64 Peloso the Skirmisher (level 3, -2/34 HPs)
             Began as a Minotaur Fighter on Sept 30, 2019.
             Killed from afar by Natasha (9 damage)
             ... with a puff of flame
             ... on level 2 of the Dungeon.
             The game lasted 00:02:24 (830 turns).

Peloso the Skirmisher (Minotaur Fighter)             Turns: 830, Time: 00:02:24

Health: -2/34      AC: 10    Str: 20    XL:     3   Next: 91%
Magic:  2/2        EV:  5    Int:  5    God:
Gold:   93         SH:  9    Dex: 10    Spells: 2/2 levels left

rFire    . . .     SeeInvis .   a - +0 long sword
rCold    . . .     Gourm    .   c - +0 shield
rNeg     . . .     Faith    .   b - +0 chain mail
rPois    .         Spirit   .   (helmet restricted)
rElec    .         Reflect  .   (no cloak)
rCorr    .         Harm     .   (no gloves)
MR       .....                  j - +0 pair of boots
Stlth    ..........             (no amulet)
HPRegen  0.11/turn              (no ring)
MPRegen  0.08/turn              (no ring)

@: no status effects
A: retaliatory headbutt, horns 2
a: no special abilities


You were on level 2 of the Dungeon.
You were not hungry.

You visited 1 branch of the dungeon, and saw 2 of its levels.

You collected 93 gold pieces.

Inventory:

Hand Weapons
 a - a +0 long sword (weapon)
Armour
 b - a +0 chain mail (worn)
 c - a +0 shield (worn)
 j - a +0 pair of boots (worn)
Scrolls
 e - a scroll of remove curse {unknown}
 g - 2 scrolls of amnesia
 i - a scroll of magic mapping
Potions
 d - a potion of might
 k - a potion of flight {unknown}
Comestibles
 f - 4 rations
 l - 2 chunks of flesh


   Skills:
 + Level 4.4 Fighting
 + Level 2.7 Long Blades
 + Level 4.4 Armour
 + Level 4.3 Shields


You had 2 spell levels left.
You didn't know any spells.
Your spell library was empty.

Dungeon Overview and Level Annotations

Branches:
Dungeon (2/15)

Altars:
Hepliaklqana

Annotations:
D:2 Natasha


Innate Abilities, Weirdness & Mutations

You reflexively headbutt those who attack you in melee.
You have a pair of horns on your head.


Message History

Natasha wildly gestures.
Natasha shimmers violently.
Natasha zaps a wand.
The puff of flame hits you but does no damage.
The crimson imp hits you but does no damage.
You block the crimson imp's attack.
You miss Natasha.
Natasha is heavily wounded.
The shadow imp disappears in a puff of smoke!
Natasha claws you.
* * * LOW HITPOINT WARNING * * *
The crimson imp hits you but does no damage. x2
Natasha zaps a wand.
The puff of flame hits you but does no damage.
You completely miss Natasha.
Natasha is heavily wounded.
You block the crimson imp's attack.
The crimson imp hits you but does no damage.
Natasha zaps a wand.
The puff of flame hits you!
You die...

........[....................
#########..................#
#.<..........#######
#............##....#
#...............##.#
#...........##.....#
#...........##.######
#...........##.......
#...@5......##.......
#####...h5......##.......
...#...§................
#.#..............######
#..#####(#.......#
####†####..........#
#......##....÷.....#
#......##..........#
#......###.#.......#


You could see Natasha and 2 crimson imps.

Vanquished Creatures
  Natasha (D:2)
  An ooze (D:1)
  2 leopard geckos (D:1)
  4 giant cockroaches
  5 goblins
  4 hobgoblins
  4 kobolds (D:1)
  A ball python (D:1)
  5 bats
  5 rats
32 creatures vanquished.

Notes
Turn   | Place    | Note
-------+----------+-------------------------------------------
     0 | D:1      | Peloso the Minotaur Fighter began the quest for the Orb.
     0 | D:1      | Reached XP level 1. HP: 19/19 MP: 0/0
   101 | D:1      | Reached XP level 2. HP: 27/27 MP: 1/1
   416 | D:1      | Reached XP level 3. HP: 28/33 MP: 2/2
   709 | D:2      | Found a hazy altar of Hepliaklqana.
   713 | D:2      | Noticed Natasha
   718 | D:2      | Killed Natasha
   809 | D:2      | Noticed Natasha
   830 | D:2      | Killed from afar by Natasha

Levels and vault maps discovered:
D:1:      minmay_arrival_stone_box, layout_rooms, minmay_pentomino_t2
D:2:      layout_basic, old_standard_altar, uniq_natasha

Skill      XL: |  1  2 |
---------------+-------+-----
Shields        | 4 |  4.3
Fighting       | 4 |  4.4
Armour         | 4 |  4.4
Long Blades    | |  2.7

Action                   || total
-------------------------++-------
Melee: Long sword        ||    66
       Headbutt          ||     8
  Use: Scroll            ||     5
       Potion            ||     1
Armor: Scale mail        ||    19
       Chain mail        ||    28
Dodge: Dodged            ||    31
Block: Shield            ||    32
       Rpst.: Long sword ||     9

Table legend:
 A = Non-vault XP
 B = Vault XP
 C = Vault XP percentage of total XP
 D = Non-vault monster count
 E = Vault monster count
 F = Vault count percentage of total count
                 A         B        C        D         E       F
            +---------+---------+-------+---------+---------+-------
      Total |      54 |      38 |  41.3 |      29 |       3 |   9.4
            +---------+---------+-------+---------+---------+-------
        D:1 |      40 |       3 |   7.0 |      20 |       2 |   9.1
        D:2 |      14 |      35 |  71.4 |       9 |       1 |  10.0
            +---------+---------+-------+---------+---------+-------
